Map: Data-C

Players

Jay

  • Race: Zerg Zerg
  • Spawn Location: 3:00

SpeCial - Winner!

  • Race: Terran Terran
  • Spawn Location: 9:00

Event: DreamHack SC2 Masters 2022 Atlanta (Offline)

VOD

Have the link to the VOD?

Description

Time

  • Played on: Nov. 18, 2022, 10:16 a.m.
  • Length: 3:15

All games in this series

Show
View Real Time Build Order
Export as new Build Order

Jay Zerg 

Build Orders: Hatch First 

Get SALT Encoding   

  12  0:00  Drone  
  13  0:12  Overlord  
  13  0:16  Drone  
  14  0:30  Drone x2  
  16  0:48  Hatchery  
  15  0:51  Drone  
  15  0:54  Drone  
  17  0:59  Drone  
  18  1:08  Extractor  
  17  1:15  Spawning Pool  
  17  1:16  Drone  
  17  1:20  Drone  
  18  1:27  Drone  
  19  1:40  Drone  
  20  2:12  Zergling x10  
  20  2:13  Queen  
  26  2:21  Spine Crawler  
  23  2:35  Zergling x2  
  24  2:40  Overlord  
Show
View Real Time Build Order
Export as new Build Order

SpeCial Terran - Winner!

Build Orders:  

Get SALT Encoding   

  12  0:00  SCV  
  13  0:12  SCV  
  14  0:17  Supply Depot  
  14  0:24  SCV  
  15  0:39  Barracks  
  15  0:50  Barracks  
  15  1:05  Barracks  
  15  1:08  SCV  
  17  1:26  Marine  
  17  1:27  Orbital Command  
  17  1:33  Supply Depot  
  17  1:38  Marine  
  18  1:44  Marine  
  19  1:51  Bunker  
  19  1:53  Marine  
  20  1:59  Marine  
  21  2:07  Marine  
  22  2:08  SCV  
  22  2:12  Marine  
  23  2:17  Marine  
  23  2:20  SCV  
  25  2:25  Marine  
  25  2:29  Marine  
  26  2:33  Supply Depot  
  26  2:34  Marine  
  28  2:39  SCV  
  28  2:43  Marine  
  30  2:47  Marine  
  31  2:54  Marine  
  32  3:01  SCV  
Tags
 
Add a new tag
Caveats
  • Supply blocks, unpowered buildings, or Contaminate may cause inaccurate times.
  • Supply counts are checked every 10 seconds.